 Dungeon Crawl Stone Soup version 0.26-a0-651-gb41185065b (webtiles) character file.

Game seed: 7660920249281825261

202915 sking99 the Bludgeoner (level 17, -9/158 HPs)
             Began as a Demonspawn Fighter on Oct 17, 2020.
             Was an Initiate of Gozag.
             Shot with a bolt by Vashnia (22 damage)
             ... on level 2 of the Snake Pit.
             The game lasted 01:12:11 (34734 turns).

sking99 the Bludgeoner (Demonspawn Fighter)        Turns: 34734, Time: 01:12:12

Health: -9/158     AC: 31    Str: 23    XL:     17   Next: 96%
Magic:  0/17       EV: 11    Int: 11    God:    Gozag
Gold:   7321       SH: 15    Dex: 14    Spells: 16/16 levels left

rFire    + . .     SeeInvis .   W - +10 morningstar "Eos" {elec, Halo rElec}
rCold    + . .     Faith    .   c - +1 kite shield
rNeg     + . .     Spirit   +   C - +3 gold dragon scales
rPois    +         Reflect  .   (helmet unavailable)
rElec    +         Harm     .   S - +0 cloak of the Armoured One {rElec Str+2}
rCorr    .         Rampage  .   H - +2 pair of gloves
MR       ++...                  o - +1 pair of boots
Stlth    ..........             Z - amulet "Qomatoim" {rN+ Regen+ Slay+6}
HPRegen  0.76/turn              I - ring of protection from magic
MPRegen  0.30/turn              P - +4 ring of evasion

@: lethally poisoned (-9 -> -12), gold aura, glowing
A: horns 3, robust 1, spiny 1, magic shield, magic regeneration, magic link,
sharp scales 3
}: 1/15 runes: decaying
a: Potion Petition, Call Merchant, Bribe Branch, Renounce Religion


You were on level 2 of the Snake Pit.
You worshipped Gozag.
Gozag was greatly pleased with you.
You visited 5 branches of the dungeon, and saw 29 of its levels.
You also visited: Bailey, Gauntlet and Volcano.

You collected 16130 gold pieces.
You spent 3849 gold pieces at shops.
You paid 4960 gold pieces to Gozag.

Inventory:

Hand Weapons
 K - the +8 whip "Snakebite" {curare, rPois}
   (You found it on level 3 of the Lair of Beasts)

   It poisons the flesh of those it strikes.
   It protects you from poison.
 W - the +10 morningstar "Eos" (weapon) {elec, Halo rElec}
   (You acquired it on level 2 of the Orcish Mines)

   Occasionally, upon striking a foe, it will discharge some electrical energy
   and cause terrible harm.
   It insulates you from electricity.
Armour
 c - a +1 kite shield (worn)
 o - a +1 pair of boots (worn)
 C - +3 gold dragon scales (worn)
 H - a +2 pair of gloves (worn)
 S - the +0 cloak of the Armoured One (worn) {rElec Str+2}
   (You found it in a Gauntlet)

   It affects your strength (+2).
   It insulates you from electricity.
Jewellery
 p - an uncursed ring of fire
 u - an uncursed ring of resist corrosion
 I - a ring of protection from magic (left hand)
 N - an uncursed ring of protection from cold
 P - a +4 ring of evasion (right hand)
 Z - the amulet "Qomatoim" (around neck) {rN+ Regen+ Slay+6}
   (You bought it in a shop on level 2 of the Orcish Mines)

   [amulet of regeneration]

   It affects your accuracy and damage with ranged weapons and melee attacks
   (+6).
   It protects you from negative energy.
   It increases your rate of regeneration.
Wands
 a - a wand of iceblast (26)
 x - a wand of paralysis (14)
 y - a wand of polymorph (7)
 B - a wand of flame (43)
 D - a wand of digging (25)
 F - a wand of enslavement (13)
 M - a wand of random effects (43)
 R - a wand of acid (11)
 T - a wand of disintegration (5)
Scrolls
 g - 4 scrolls of enchant weapon
 h - 4 scrolls of fog
 i - 4 scrolls of fear
 j - 6 scrolls of remove curse
 k - 7 scrolls of magic mapping
 m - 9 scrolls of teleportation
 r - 6 scrolls of amnesia
 J - 6 scrolls of identify
 L - a scroll of summoning
 Y - a scroll of blinking
Potions
 d - 7 potions of might
 e - 3 potions of brilliance
 f - 4 potions of mutation
 l - a potion of flight
 n - 4 potions of haste
 q - 2 potions of stabbing
 s - a potion of berserk rage
 t - 4 potions of heal wounds
 v - 3 potions of ambrosia
 w - 6 potions of curing
 E - 4 potions of cancellation
 U - 2 potions of resistance
 X - a potion of magic
Miscellaneous
 z - a phantom mirror
 G - a condenser vane (2/2)
 O - a box of beasts (3/3)
 Q - a lightning rod (4/4)


   Skills:
 + Level 16.0 Fighting
 - Level 16.0 Maces & Flails
 + Level 11.7 Armour
 + Level 5.8 Dodging
 - Level 15.0 Shields
 + Level 8.5 Evocations


You had 16 spell levels left.
You didn't know any spells.
Your spell library contained the following spells:

 Spells                   Type           Power        Failure   Level
 Animate Skeleton         Necr           #.....       100%        1
 Apportation              Tloc           #.....       100%        1
 Beastly Appendage        Tmut           #.....       100%        1
 Corona                   Hex            #......      100%        1
 Foxfire                  Conj/Fire      #...         100%        1
 Freeze                   Ice            #...         100%        1
 Magic Dart               Conj           #...         100%        1
 Sting                    Tmut/Pois      #...         100%        1
 Summon Small Mammal      Summ           #...         100%        1
 Blink                    Tloc           N/A          100%        2
 Call Imp                 Summ           #.......     100%        2
 Corpse Rot               Necr/Air       N/A          100%        2
 Poisonous Vapours        Pois/Air       #.....       100%        2
 Searing Ray              Conj           #.....       100%        2
 Slow                     Hex            #.......     100%        2
 Sublimation of Blood     Necr           #.........   100%        2
 Wereblood                Tmut           #.......     100%        2
 Call Canine Familiar     Summ           #.......     100%        3
 Confusing Touch          Hex            #.......     100%        3
 Conjure Flame            Conj/Fire      #.......     100%        3
 Dazzling Flash           Conj/Hex       #.....       100%        3
 Frozen Ramparts          Ice            #.....       100%        3
 Gell's Gravitas          Tloc           #.........   100%        3
 Ignite Poison            Fire/Tmut/Pois #.......     100%        3
 Inner Flame              Hex/Fire       #.......     100%        3
 Mephitic Cloud           Conj/Pois/Air  #.......     100%        3
 Ozocubu's Armour         Ice            #.......     100%        3
 Spider Form              Tmut/Pois      #.........   100%        3
 Summon Guardian Golem    Hex/Summ       #.......     100%        3
 Cause Fear               Hex            #.........   100%        4
 Dispel Undead            Necr           #.......     100%        4
 Fulminant Prism          Conj/Hex       #.........   100%        4
 Hailstorm                Conj/Ice       #.......     100%        4
 Ice Form                 Ice/Tmut       #.......     100%        4
 Iskenderun's Mystic Bla  Conj/Tloc      #.......     100%        4
 Olgreb's Toxic Radiance  Pois           #.......     100%        4
 Petrify                  Tmut/Erth      #.......     100%        4
 Sticky Flame             Conj/Fire      #.......     100%        4
 Summon Ice Beast         Ice/Summ       #.......     100%        4
 Summon Lightning Spire   Summ/Air       #.......     100%        4
 Agony                    Necr           #.......     100%        5
 Blade Hands              Tmut           #.........   100%        5
 Excruciating Wounds      Necr           #.........   100%        5
 Fireball                 Conj/Fire      #.........   100%        5
 Metabolic Englaciation   Hex/Ice        #.........   100%        5
 Silence                  Hex/Air        #.........   100%        5
 Yara's Violent Unravell  Hex/Tmut       #.........   100%        5
 Starburst                Conj/Fire      #.........   100%        6
 Discord                  Hex            #.........   100%        8
 Ignition                 Fire           #.........   100%        8


Dungeon Overview and Level Annotations

Branches:
Dungeon (15/15)            Temple (0/1) D:7            Lair (6/6) D:8
  Swamp (4/4) Lair:4        Snake (2/4) Lair:2        Slime (0/5) Lair:5
    Orc (2/2) D:12            Elf (0/3) Orc:2        Vaults (0/5) D:13
 Depths (0/5) D:15         Bailey (visited)         Volcano (visited)
Gauntlet (visited)

Altars:
Dithmenos
Fedhas
Gozag
Makhleb
Nemelex Xobeh
Qazlal
Ru
Trog
Vehumet
Wu Jian
Xom
Beogh

Shops:
D:4 }   D:14 (   Orc:2 *=?=?*   Snake:2 }}=

Portals:
Hell: Lair:6

Annotations:
D:7 4 runed translucent doors
Snake:2 Vashnia


Innate Abilities, Weirdness & Mutations

You have a pair of large horns on your head.
You are robust. (+10% HP)
You are partially covered in sharp spines.
When hurt, damage is shared between your health and your magic reserves.
You regenerate magic rapidly.
When low on magic, you restore magic in place of health.
You are completely covered in razor-sharp scales. (AC +3, Slay +3)


Message History

The naga sharpshooter spits poison at you.
The splash of poison hits you but does no damage.
You are more poisoned.
You resist.
The naga sharpshooter gestures wildly while chanting.
The naga sharpshooter magically shoots a bolt.
You block the bolt.
Items here: $ (( )) [.
You puncture Vashnia!
Vashnia is heavily wounded.
The naga sharpshooter mumbles some strange words.
The naga sharpshooter magically shoots an arrow.
The arrow hits you but does no damage.
The naga sharpshooter mumbles some strange words.
The naga sharpshooter magically shoots a bolt.
The bolt misses you.
The naga sharpshooter shoots a bolt.
The bolt hits you but does no damage.
Vashnia shoots a bolt.
The bolt hits you!!
You die...
Your body crumbles into a pile of gold.

.##.#.)##..
....#...#######. ##
#...#.### ... ..
#.....# #.. .####
##...## #.. ....#
#..### #.. .... ...#
#..## ##.. ...##
#..N#####.#####
.....
#..@(((((N(...####
..#
##.#$....####....#
.# #.$...N.####....#
.#
#..#...##...#...###
.#
#..###..(....##.....
.###### #.#
#.###[.>###...#
....... ..N
[.............#
####... ...
..........##.###
.....## ###
........##...#


You could see Vashnia (catching breath) and 3 naga sharpshooters.

Vanquished Creatures
  Saint Roka (Orc:2)
  A tentacled monstrosity (Swamp:4)
  Gastronok (Lair:3)
  Frances (Snake:1)
  5 thorn hunters
  Roxanne (Swamp:2)
  2 orc warlords
  A minotaur (Gauntlet)
  2 fire dragons
  A yaktaur captain (D:15)
  An ice dragon (D:14)
  A hell beast (Gauntlet)
  A vault guard (D:13)
  Harold (D:7)
  4 ghost crabs
  28 hydras
  A shambling mangrove (Swamp:1)
  5 centaur warriors
  3 anacondas (Snake:1)
  6 two-headed ogres
  13 alligators
  2 tengu warriors
  4 death yaks (Lair:6)
  A thrashing horror (Gauntlet)
  A deep troll earth mage (D:14)
  7 naga sharpshooters
  An orc high priest (Orc:1)
  2 shock serpents
  A deep elf knight (D:14)
  A sixfirhy (Lair:6)
  3 sea snakes (Snake:2)
  A salamander mystic (Snake:2)
  4 unseen horrors
  A spriggan druid (Swamp:3)
  A lindwurm (Orc:1)
  8 swamp dragons
  2 wolf spider zombies (D:15)
  Pikel (D:9)
  3 wizards
  2 mana vipers (Snake:1)
  2 orc sorcerers (Orc:2)
  A harpy (D:14)
  22 ugly things
  5 deep elf magi
  4 orc knights
  11 salamanders
  5 cyclopes
  A manticore (D:12)
  15 black mambas
  15 elephants
  A black mamba (shapeshifter) (D:13)
  2 torpor snails
  Psyche (D:9)
  A guardian serpent (Snake:1)
  10 naga magi
  4 orange demons (Lair:6)
  4 gargoyles
  A centaur skeleton (D:12)
  4 molten gargoyles (Volcano)
  18 cane toads
  3 efreet
  A hellwing (Lair:6)
  17 rime drakes
  11 komodo dragons
  A freezing wraith (D:14)
  An ice devil (Lair:6)
  A yaktaur (D:15)
  A tengu conjurer (D:15)
  A red devil (Lair:6)
  4 polar bears (Lair:4)
  9 trolls
  11 tyrant leeches
  4 bog bodies
  A hornet (shapeshifter) (D:14)
  13 blink frogs
  Prince Ribbit (D:5)
  6 hornets
  9 dream sheep (Lair:6)
  14 slime creatures
  A meliai zombie (D:12)
  5 hippogriffs
  5 spriggans
  6 wyverns
  2 shadows (Swamp:1)
  4 fire elementals (Volcano)
  14 steam dragons
  21 yaks
  3 basilisks
  Grum (D:9)
  30 vampire mosquitoes
  Menkaure (D:4)
  19 swamp worms
  19 nagas
  15 insubstantial wisps
  3 wargs (Orc:2)
  Edmund (D:5)
  A soldier ant (D:12)
  15 water moccasins
  4 hell hounds
  An acid dragon (D:15)
  Purgy (D:3)
  54 orc warriors
  16 porcupines
  2 sky beasts
  A hornet zombie (D:7)
  3 ice beasts
  4 phantoms
  3 necrophages
  17 swamp drakes
  A black bear (D:7)
  19 ogres
  12 wolves
  41 centaurs
  2 small abominations (Gauntlet)
  12 crocodiles
  3 lemures (D:9)
  2 big kobolds
  24 bullfrogs
  A gnoll sergeant (D:11)
  A wyvern zombie (D:12)
  2 earth elementals (Volcano)
  5 scorpions
  15 killer bees
  3 wights (D:9)
  2 howler monkeys
  3 electric eels (Lair:4)
  3 bullfrog zombies
  2 centaur zombies
  A quasit (D:13)
  4 jellies
  5 hounds
  Crazy Yiuf (D:5)
  32 orc wizards
  19 orc priests
  A gnoll shaman (D:5)
  A bullfrog skeleton (D:12)
  4 iguanas
  12 worker ants
  A hound skeleton (D:7)
  A hound zombie (D:10)
  14 gnolls
  19 adders
  A howler monkey skeleton (D:4)
  4 shadow imps
  3 white imps
  3 ufetubi
  3 oozes
  An adder zombie (D:8)
  2 worms (D:2)
  An adder skeleton (D:5)
  3 dart slugs
  8 leopard geckos
  124 orcs
  2 ball pythons
  7 bats
  10 giant cockroaches
  17 goblins
  17 hobgoblins
  9 jackals
  27 kobolds
  7 quokkas
  3 frilled lizards
  A leopard gecko skeleton (D:4)
  9 rats
  3 briar patches
  A bush (D:14)
  2 fire vortices (Volcano)
1170 creatures vanquished.

Vanquished Creatures (others)
  2 hydras (Swamp:4)
  A spriggan druid (Swamp:4)
  An elephant (Lair:6)
  A cane toad (Swamp:4)
  A tyrant leech (Swamp:4)
  A bog body (Swamp:3)
  A blink frog (Swamp:2)
  An orc wizard (Orc:2)
  An orc (Orc:2)
  6 briar patches
  2 fire vortices (Volcano)
  16 fungi
  37 plants
71 creatures vanquished.

Grand Total: 1241 creatures vanquished

Notes
Turn   | Place    | Note
-------+----------+-------------------------------------------
     0 | D:1      | sking99 the Demonspawn Fighter began the quest for the Orb.
     0 | D:1      | Reached XP level 1. HP: 18/18 MP: 1/1
   126 | D:1      | Gained mutation: You are partially covered in razor-sharp
                  | scales. (AC +1, Slay +1) [demonic ancestry]
   126 | D:1      | Reached XP level 2. HP: 19/24 MP: 2/2
   362 | D:1      | Reached XP level 3. HP: 29/29 MP: 3/3
  1329 | D:2      | Gained mutation: You are partially covered in sharp spines.
                  | [demonic ancestry]
  1329 | D:2      | Reached XP level 4. HP: 29/35 MP: 4/4
  1403 | D:2      | Found an opulent altar of Gozag.
  1403 | D:2      | Found a bloodstained altar of Trog.
  1586 | D:2      | Became a worshipper of Gozag Ym Sagoz the Greedy
  2103 | D:2      | Reached XP level 5. HP: 42/42 MP: 5/5
  2611 | D:3      | Noticed Purgy
  2621 | D:3      | Killed Purgy
  2621 | D:3      | Reached XP level 6. HP: 36/48 MP: 6/6
  3391 | D:3      | Found a radiant altar of Vehumet.
  3396 | D:3      | Found an ornate altar of the Wu Jian Council.
  3528 | D:3      | Reached skill level 5 in Maces & Flails
  4118 | D:4      | Reached XP level 7. HP: 18/55 MP: 7/7
  4488 | D:4      | Found a shimmering altar of Xom.
  4503 | D:4      | Reached skill level 5 in Fighting
  4554 | D:4      | Found a sparkling altar of Nemelex Xobeh.
  4658 | D:4      | Found Seppeam's Gadget Emporium.
  4740 | D:4      | Noticed Menkaure
  4748 | D:4      | Killed Menkaure
  5049 | D:4      | Gained mutation: You are mostly covered in razor-sharp
                  | scales. (AC +2, Slay +2) [demonic ancestry]
  5049 | D:4      | Reached XP level 8. HP: 37/63 MP: 8/8
  5213 | D:4      | Reached skill level 5 in Shields
  5560 | D:5      | Entered Level 5 of the Dungeon
  5574 | D:5      | Found a runed translucent door.
  5575 | D:5      | Noticed Crazy Yiuf
  5905 | D:5      | Noticed Edmund
  5912 | D:5      | Killed Edmund
  6543 | D:5      | Noticed Prince Ribbit
  6547 | D:5      | Killed Prince Ribbit
  6748 | D:5      | Killed Crazy Yiuf
  7081 | D:6      | Gained mutation: You have a pair of small horns on your
                  | head. [demonic ancestry]
  7081 | D:6      | Reached XP level 9. HP: 49/71 MP: 9/9
  7351 | D:6      | Found a blossoming altar of Fedhas.
  8391 | D:7      | Found a staircase to the Ecumenical Temple.
  9349 | D:7      | Found a large runed translucent door.
  9350 | D:7      | Found a large runed translucent door.
  9388 | D:7      | Found a large runed translucent door.
  9426 | D:7      | Found a large runed translucent door.
  9489 | D:7      | Gained mutation: You have a pair of horns on your head.
                  | [demonic ancestry]
  9489 | D:7      | Reached XP level 10. HP: 66/80 MP: 10/10
  9597 | D:7      | Noticed Harold
  9614 | D:7      | Killed Harold
 10230 | D:8      | Noticed a two-headed ogre
 10240 | D:8      | Killed a two-headed ogre
 10240 | D:8      | Reached skill level 10 in Maces & Flails
 10605 | D:8      | Found a staircase to the Lair.
 11075 | D:9      | Found a shadowy altar of Dithmenos.
 11191 | D:9      | Noticed Pikel
 11201 | D:9      | Killed Pikel
 11618 | D:9      | Noticed Psyche
 11622 | D:9      | Killed Psyche
 11667 | D:9      | Noticed Grum
 11673 | D:9      | Gained mutation: When hurt, damage is shared between your
                  | health and your magic reserves. [demonic ancestry]
 11673 | D:9      | Reached XP level 11. HP: 88/89 MP: 11/11
 11685 | D:9      | Killed Grum
 11838 | D:10     | Entered Level 10 of the Dungeon
 12846 | Lair:1   | Entered Level 1 of the Lair of Beasts
 14542 | Lair:2   | Reached skill level 10 in Fighting
 15038 | Lair:2   | Found a staircase to the Snake Pit.
 15212 | Lair:2   | Gained mutation: You have a pair of large horns on your
                  | head. [demonic ancestry]
 15212 | Lair:2   | Reached XP level 12. HP: 98/98 MP: 12/12
 15925 | Lair:3   | Noticed Gastronok
 15939 | Lair:3   | Killed Gastronok
 16366 | Lair:3   | Reached skill level 10 in Shields
 16989 | Lair:3   | Found the +8 whip "Snakebite" {curare, rPois}
 17190 | Lair:4   | Found a staircase to the Swamp.
 17343 | Lair:4   | Noticed a six-headed hydra
 17355 | Lair:4   | Killed a six-headed hydra
 17590 | Lair:4   | You fall into a shaft and drop 2 floors!
 17590 | Lair:6   | Entered Level 6 of the Lair of Beasts
 17696 | Lair:6   | Noticed a four-headed hydra
 17706 | Lair:6   | Gained mutation: You regenerate magic rapidly. [demonic
                  | ancestry]
 17706 | Lair:6   | Reached XP level 13. HP: 92/106 MP: 11/13
 18205 | Lair:4   | Reached skill level 1 in Evocations
 18647 | Lair:5   | Found a staircase to the Slime Pits.
 19496 | Lair:6   | Noticed a fire dragon
 19513 | Lair:6   | Killed a fire dragon
 19517 | Lair:6   | Reached skill level 15 in Maces & Flails
 19829 | Lair:6   | Gained mutation: When low on magic, you restore magic in
                  | place of health. [demonic ancestry]
 19829 | Lair:6   | Reached XP level 14. HP: 54/116 MP: 8/14
 20552 | Lair:6   | Identified a scroll of acquirement
 20552 | Lair:6   | Acquired a +2 crystal plate armour
 20762 | Lair:6   | Found a burning altar of Makhleb.
 20910 | Lair:6   | Found a gateway to Hell.
 21250 | D:11     | Found a flagged portal.
 21260 | Bailey   | Entered a bailey
 21560 | D:11     | Found a gate leading to a gauntlet.
 21571 | D:11     | Reached skill level 5 in Evocations
 21574 | Gauntlet | Entered a Gauntlet
 21574 | Gauntlet | Found a transporter.
 21577 | Gauntlet | Found a transporter.
 21593 | Gauntlet | Found a transporter.
 21597 | Gauntlet | Found a transporter.
 21607 | Gauntlet | Found a transporter.
 21627 | Gauntlet | Found a transporter.
 21631 | Gauntlet | Found a transporter.
 21635 | Gauntlet | Found a transporter.
 21641 | Gauntlet | Identified the ring of Loptyst {rElec rN+ Str+4}
 21662 | Gauntlet | Found a transporter.
 21668 | Gauntlet | Found a transporter.
 21672 | Gauntlet | Found a transporter.
 21680 | Gauntlet | Found a transporter.
 21696 | Gauntlet | Found a runed translucent door.
 21875 | Gauntlet | Got a polished cloak
 21886 | Gauntlet | Identified the +0 cloak of the Armoured One {rElec Str+2}
                  | (You found it in a Gauntlet)
 21959 | Gauntlet | Got a bloodstained cloak
 21973 | Gauntlet | Identified the +0 cloak of Gravity {MP+9 Dex+3} (You found
                  | it in a Gauntlet)
 22755 | D:12     | Found a staircase to the Orcish Mines.
 23524 | Orc:1    | Entered Level 1 of the Orcish Mines
 23674 | Orc:1    | Found a dark tunnel.
 23683 | Volcano  | Entered a volcano
 24531 | Orc:2    | Entered Level 2 of the Orcish Mines
 24531 | Orc:2    | Noticed an orc warlord
 24693 | Orc:2    | Reached skill level 5 in Armour
 24711 | Orc:1    | Killed an orc warlord
 24758 | Orc:2    | Gained mutation: You are completely covered in razor-sharp
                  | scales. (AC +3, Slay +3) [demonic ancestry]
 24758 | Orc:2    | Reached XP level 15. HP: 116/122 MP: 15/15
 24894 | Orc:2    | Noticed an orc warlord
 24967 | Orc:2    | Killed an orc warlord
 25198 | Orc:2    | Found Aziuwk's Magic Scroll Shoppe.
 25198 | Orc:2    | Found Lobaaps's Antique Weapon Shop.
 25219 | Orc:2    | Found Kire's Assorted Antiques.
 25231 | Orc:2    | Found Alezay's Jewellery Emporium.
 25281 | Orc:2    | Noticed Saint Roka
 25298 | Orc:2    | Killed Saint Roka
 25492 | Orc:2    | Bought a scroll of acquirement for 676 gold pieces
 25492 | Orc:2    | Bought a scroll of acquirement for 676 gold pieces
 25708 | Orc:2    | Found a staircase to the Elven Halls.
 25896 | Orc:2    | Acquired the +10 morningstar "Eos" {elec, Halo rElec}
 25897 | Orc:2    | Found the +10 morningstar "Eos" {elec, Halo rElec}
 25905 | Orc:2    | Acquired 976 gold pieces
 25946 | Orc:2    | Bought a condenser vane (2/2) for 600 gold pieces
 25948 | Orc:2    | Bought a scroll of summoning for 161 gold pieces
 25948 | Orc:2    | Bought a scroll of blinking for 127 gold pieces
 25950 | Orc:2    | Bought the amulet "Qomatoim" {rN+ Regen+ Slay+6} for 929
                  | gold pieces
 26477 | D:13     | Found a gate to the Vaults.
 27197 | D:14     | You fall into a shaft and drop 1 floor!
 27197 | D:15     | Entered Level 15 of the Dungeon
 27843 | D:15     | Reached XP level 16. HP: 131/131 MP: 16/16
 27933 | D:15     | Found a staircase to the Depths.
 27993 | D:15     | Found a sacrificial altar of Ru.
 28506 | D:14     | Found a stormy altar of Qazlal.
 28761 | D:14     | Found a roughly hewn altar of Beogh.
 28890 | D:14     | Found Maseh's Weapon Shoppe.
 29192 | Swamp:1  | Entered Level 1 of the Swamp
 29207 | Swamp:1  | Reached skill level 15 in Shields
 29427 | Swamp:1  | Noticed a thorn hunter
 29440 | Swamp:1  | HP: 6/133 [thorn hunter/volley of thorns (18)]
 29885 | Swamp:1  | Killed a thorn hunter
 30480 | Swamp:2  | Reached skill level 10 in Armour
 30748 | Swamp:2  | Noticed Roxanne
 30794 | Swamp:2  | Killed Roxanne
 31343 | Swamp:2  | Reached skill level 15 in Fighting
 31477 | Swamp:3  | Reached skill level 1 in Dodging
 31520 | Swamp:3  | Noticed a thorn hunter
 31532 | Swamp:3  | Killed a thorn hunter
 31561 | Swamp:3  | Gained mutation: You are robust. (+10% HP) [demonic
                  | ancestry]
 31561 | Swamp:3  | Reached XP level 17. HP: 32/156 MP: 9/17
 32369 | Swamp:4  | Entered Level 4 of the Swamp
 32369 | Swamp:4  | Noticed a tentacled monstrosity
 32386 | Swamp:4  | Killed a tentacled monstrosity
 32583 | Swamp:4  | HP: 7/156 [something (6)]
 33016 | Swamp:4  | Got a decaying rune of Zot
 33438 | Snake:1  | Entered Level 1 of the Snake Pit
 33671 | Snake:1  | Reached skill level 5 in Dodging
 33899 | Snake:1  | Noticed Frances
 33905 | Snake:1  | Killed Frances
 34681 | Snake:2  | Found Masiy's Gadget Shoppe.
 34682 | Snake:2  | Found Pal Nom's Jewellery Shop.
 34683 | Snake:2  | Found Qeasida's Gadget Shoppe.
 34689 | Snake:2  | Bought a phial of floods for 680 gold pieces
 34709 | Snake:2  | Noticed Vashnia
 34734 | Snake:2  | Shot with a bolt by Vashnia

Illustrated notes

Levels and vault maps discovered:
D:1:      dpeg_arrival_rooms_c, layout_basic, minmay_worlds_worst_comb
D:2:      layout_rooms, gammafunk_temple_overflow_wave, serial_corexii_hall,
          chequers_hall_statues_wall_a, chequers_hall_statues_wall_a,
          chequers_hall_statues_y, corexii_hall_statues_i, grunt_ministairs_2,
          minmay_quadrilaterals
D:3:      layout_basic, minitemple, uniq_purgy
D:4:      layout_cave_pools, nemelex_xobeh_ov_fountains_minmay, serial_shops,
          shop, kennysheep_donut, xom_teletrap_fun, uniq_menkaure
D:5:      layout_loops_ring, uniq_crazy_yiuf_cottage, uniq_edmund,
          uniq_prince_ribbit1
D:6:      layout_basic, nicolae_overflow_crystal_walls
D:7:      kennysheep_steamy, layout_basic, temple_doors_e,
          minmay_hollow_rounded_squares, uniq_harold
D:8:      layout_layer_cave, lair_entry_dummy
D:9:      layout_roguey, grunt_dithmenos_smoke, uniq_psyche, uniq_grum,
          uniq_pikel
D:10:     layout_basic, hangedman_abyss_or_decor_slice, skrybe_limestone_x
D:11:     layout_small_grid, enter_bailey_3, gauntlet_entry_generic
D:12:     layout_loops_cross, orc_0_dummy, dk_noncrumbling_3, minmay_bent
D:13:     layout_irregular_city, david_vaults_5
D:14:     minmay_the_grid_triangle_9x9_rhombus_thin_mashed
          [minmay_the_grid_triangle_9x9_warning,
          minmay_the_grid_triangle_9x9_prize_insulated,
          minmay_the_grid_triangle_9x9_negative_grid,
          minmay_the_grid_triangle_9x9_pentomino_pain], layout_rooms,
          serial_shops, shop, special_room [special_room_orc],
          minmay_hedge_maze, nicolae_qazlal_style_of_elements
D:15:     grunt_enter_depths_snipers, layout_loops_corners,
          hangedman_ru_absence, chequers_serial_rivers_large_a, billiards_dpeg
Lair:1:   layout_cave_pods, wad_woods_03
Lair:2:   layout_gridlike, minmay_snake_entry_guardpost_small
Lair:3:   minmay_guarded_unrand_snakebite, layout_regular_city, uniq_gastronok
Lair:4:   layout_regular_city, swamp_mist_pool, serial_bayou,
          serial_bayou_pond_d, serial_bayou_pond_b, serial_bayou_lake_a,
          serial_bayou_pond_a, serial_bayou_pond_d, beast_lair_carwin_11,
          infiniplex_staircase_pool_2
Lair:5:   layout_cave_pods, slime_dummy, lemuel_old_faithful,
          serial_bayou_shore_b, lemuel_fruit_fields
Lair:6:   evil_forest, layout_long_grid, bobbens_dragon_lair_wall
Swamp:1:  layout_basic_swamp, evilmike_swamp_ruin_house_5, swamp_pool2,
          infiniplex_staircase_pool
Swamp:2:  layout_falls_marsh, wheals_swamp_sinkhole, swamp_pool3, uniq_roxanne
Swamp:3:  layout_basic_swamp, evilmike_swamp_ruin_wall
Swamp:4:  swamp, layout_basic_swamp
Snake:1:  layout_basic, lemuel_fruit_tree, grunt_megastairs_2, uniq_frances
Snake:2:  layout_misc_corridors, grunt_megastairs_1, serial_bayou_shore_a,
          serial_bayou_shore_b, minmay_shop_grove, uniq_vashnia
Orc:1:    layout_diamond_mine, nicolae_volcano_entry_vermiform
Orc:2:    st_orc_rangers, layout_diamond_mine, uniq_saint_roka

Skill      XL: |  1  2  3  4  5  6  7  8  9 10 11 12 13 14 15 16 17 |
---------------+----------------------------------------------------+-----
Maces & Flails | 2 3 4 5 6 7 9 11 12 14 15 16 | 16.0
Shields        | 3 4 6 7 8 9 10 11 12 14 15 | 15.0
Fighting       | 4 5 6 7 9 10 11 12 13 15 16 | 16.0
Evocations     | 3 5 8 |  8.5
Armour         | 5 8 10 11 | 11.7
Dodging        | 1 5 |  5.8

Action                   |  1- 3 |  4- 6 |  7- 9 | 10-12 | 13-15 | 16-18 || total
-------------------------+-------+-------+-------+-------+-------+-------++-------
Melee: Flail             |    96 |   160 |    76 |       |       |       ||   332
       Morningstar       |       |       |   216 |   488 |   229 |   768 ||  1701
       Headbutt          |       |       |    28 |   134 |   334 |   159 ||   655
       Whip              |       |       |       |    84 |  1214 |       ||  1298
Invok: Potion Petition   |       |       |       |     2 |     1 |     1 ||     4
       Call Merchant     |       |       |       |       |     4 |       ||     4
Evoke: Lightning rod     |       |       |       |       |     1 |       ||     1
  Use: Potion            |       |     1 |       |       |     2 |     3 ||     6
       Scroll            |       |       |    12 |    11 |    12 |     7 ||    42
 Stab: Distracted        |       |       |       |     4 |     9 |     5 ||    18
       Sleeping          |       |       |       |       |    20 |       ||    20
       Invisible         |       |       |       |       |     2 |       ||     2
Armor: Scale mail        |    61 |    60 |    71 |    87 |       |       ||   279
       Plate armour      |       |       |       |    82 |   129 |       ||   211
       Crystal plate arm |       |       |       |       |   139 |       ||   139
       Gold dragon scale |       |       |       |       |   215 |   393 ||   608
Dodge: Dodged            |    32 |    50 |    63 |   114 |   184 |   188 ||   631
Block: Kite shield       |    68 |    96 |   146 |   310 |   732 |   487 ||  1839

Table legend: (Time is in decaauts)
 A = Elapsed time spent in this place.
 B = Non-inter-level travel time spent in this place.
 C = Inter-level travel time spent in this place.
 D = Time resting spent in this place.
 E = Time spent auto-exploring this place.
 F = Levels seen in this place.
 G = Mean time per level.
                   A        B        C        D        E       F      G
               +--------+--------+--------+--------+--------+-----+--------+
         Total |  34313 |  32360 |   1953 |   7103 |  18853 |  32 | 1072.3 |
       Dungeon |  17778 |  16666 |   1112 |   4325 |   9333 |  15 | 1185.2 |
          Lair |   8046 |   7538 |    508 |   1656 |   4684 |   6 | 1341.0 |
         Swamp |   4325 |   4217 |    108 |    789 |   2663 |   4 | 1081.2 |
     Snake Pit |   1246 |   1216 |     30 |     20 |    889 |   2 |  623.0 |
  Orcish Mines |   2053 |   1861 |    192 |    260 |    981 |   2 | 1026.5 |
        Bailey |    222 |    222 |      0 |      0 |     65 |   1 |  222.0 |
       Volcano |    245 |    245 |      0 |     46 |     31 |   1 |  245.0 |
      Gauntlet |    395 |    395 |      0 |      6 |    206 |   1 |  395.0 |
               +--------+--------+--------+--------+--------+-----+--------+

Top non-repeatable levels by time:
     D:3: 2361 daAuts
  Lair:6: 1885 daAuts
  Lair:1: 1751 daAuts
     D:7: 1713 daAuts
     D:6: 1574 daAuts
     D:2: 1462 daAuts
  Lair:3: 1405 daAuts
    D:15: 1234 daAuts
 Swamp:2: 1195 daAuts
  Lair:2: 1170 daAuts
     D:5: 1136 daAuts
 Swamp:1: 1123 daAuts
     D:8: 1115 daAuts
    D:10: 1106 daAuts
  Lair:4: 1094 daAuts
